 Dungeon Crawl Stone Soup version 0.21.0-3-g78d12a8 (webtiles) character file.

49 IksarHS the Skirmisher (level 3, 15/24 HPs)
             Began as a Gargoyle Monk on Jan 14, 2018.
             Was a Believer of Wu Jian.
             Quit the game on level 3 of the Dungeon.
             The game lasted 00:02:42 (2246 turns).

IksarHS the Skirmisher (Gargoyle Monk)              Turns: 2246, Time: 00:02:42

Health: 15/24      AC:  5    Str: 15    XL:     3   Next: 75%
Magic:  3/3        EV: 12    Int: 10    God:    Wu Jian [**....]
Gold:   169        SH:  0    Dex: 12    Spells: 2/2 levels left

rFire    . . .     SeeInvis .   a - +0 mace
rCold    . . .     Gourm    .   (no shield)
rNeg     + . .     Faith    .   b - +0 robe
rPois    ∞         Spirit   .   (no helmet)
rElec    +         Reflect  .   (no cloak)
rCorr    .         Harm     .   (no gloves)
MR       .....                  (no boots)
Stlth    ++........             (no amulet)
HPRegen  0.08/turn              (no ring)
MPRegen  0.08/turn              (no ring)

@: no status effects
A: negative energy resistance 1, electricity resistance, unbreathing,
petrification resistance, rot immunity, AC +3
a: Wall Jump, Renounce Religion


You were on level 3 of the Dungeon.
You worshipped Wu Jian.
Wu Jian was pleased with you.
You were not hungry.

You visited 1 branch of the dungeon, and saw 3 of its levels.

You collected 169 gold pieces.

Inventory:

Hand Weapons
 a - a +0 mace (weapon)
Armour
 b - a +0 robe (worn)
 l - a +0 pair of gloves
 r - a +0 shield
Scrolls
 e - 2 scrolls of remove curse {unknown}
 f - a scroll of fear {unknown}
 g - 3 scrolls of fog {unknown}
 i - 3 scrolls of blinking {unknown}
 j - 2 scrolls of amnesia {unknown}
 k - a scroll of immolation {unknown}
 o - 2 scrolls of identify {unknown}
 s - 3 scrolls of teleportation {unknown}
Potions
 d - a potion of invisibility {unknown}
 h - 2 potions of ambrosia {unknown}
 m - a potion of curing {unknown}
 n - a potion of brilliance {unknown}
 p - 2 potions of might {unknown}
 q - a potion of haste {unknown}
 u - a potion of degeneration {unknown}
Comestibles
 c - 4 rations
 t - a chunk of flesh


   Skills:
 + Level 4.2 Fighting
 - Level 3.0 Maces & Flails
 + Level 2.3 Armour
 - Level 2.4 Dodging
 - Level 2.1 Stealth
 + Level 0.5 Shields


You had 2 spell levels left.
You didn't know any spells.

Dungeon Overview and Level Annotations

Branches:
Dungeon (3/15)

Altars:
Elyvilon
Wu Jian


Innate Abilities, Weirdness & Mutations

You are resistant to torment.
Your stone body is resilient. (AC +3)
You are immune to poison.
You resist negative energy. (rN+)
You are resistant to electric shocks. (rElec)
You can survive without breathing.
You are immune to petrification.
You are immune to rotting.


Message History

The quokka barely misses you. x2
You hit the quokka.
The quokka is severely wounded.
The quokka completely misses you.
You hit the quokka.
You kill the quokka!
No target in view!
No target in view!
No target in view!
No target in view!
No target in view!
You now have 169 gold pieces (gained 9).
There is a faded altar of an unknown god here.
You cannot tell which god this altar belongs to.
Convert to them anyway?
Wu Jian accepts your prayer! The Council welcomes you!
You can now lightly attack and pin monsters in place by moving around them.
You can now perform airborne attacks.
You can now perform damaging attacks by moving towards foes.
Are you sure you want to abandon this character and quit the game? (Confirm with "yes".)

######.## #.# #.#
#.# # #.# #.#### #
######.#######....#
#.............<##.#
#.####.....######.#
#. #####.#......#
#. #.#..8...# ..
###.#.8@8..# #[
.....$.8..## ..
###.#.....# ##
#.##..######.#
#....†....#
###.††......
#.######## #.# #.#


There were no monsters in sight!

Vanquished Creatures
  A dart slug (D:2)
  2 leopard geckos
  4 ball pythons
  A giant cockroach (D:1)
  5 goblins
  2 hobgoblins
  5 jackals
  6 kobolds
  A quokka (D:3)
  8 bats
  A frilled lizard (D:1)
  5 rats
41 creatures vanquished.

Notes
Turn   | Place    | Note
-------+----------+-------------------------------------------
     0 | D:1      | IksarHS the Gargoyle Monk began the quest for the Orb.
     0 | D:1      | Reached XP level 1. HP: 14/14 MP: 1/1
   527 | D:1      | Reached skill level 1 in Armour
   531 | D:1      | Reached XP level 2. HP: 15/19 MP: 2/2
  1400 | D:2      | Reached XP level 3. HP: 20/24 MP: 3/3
  1412 | D:2      | Found a white marble altar of Elyvilon.
  1504 | D:2      | Reached skill level 4 in Fighting
  2214 | D:3      | Found a faded altar of an unknown god.
  2245 | D:3      | Became a worshipper of the Wu Jian Council
  2245 | D:3      | Reached * piety under Wu Jian
  2245 | D:3      | Reached ** piety under Wu Jian
  2246 | D:3      | Quit the game

Skill      XL: |  1  2  3 |
---------------+----------+-----
Armour         | 1 2 |  2.3
Fighting       | 4 |  4.2
Maces & Flails | |  3.0
Dodging        | |  2.4
Stealth        | |  2.1
Shields        | |  0.5

Action                   || total
-------------------------++-------
Melee: Mace              ||   128
 Stab: Sleeping          ||     2
  Eat: Chunk             ||     4
Armor: Robe              ||    57
Dodge: Dodged            ||   143
